SAAA
JERSEY CITY SUN CAPS @ BANGOR TRIDENT BASE OGRES
09/25/2019
 
TOP OF THE 1ST
Jersey City Sun Caps batting - Pitching for Bangor Trident Base Ogres : LHP Lorenzo Sánchez
Pitching: LHP Lorenzo Sánchez
Batting: LHB Munemori Ohara 0-0: Ball
1-0: Swinging Strike
1-1: Ground out 3-1 (Groundball, 3L)
Batting: LHB Jesús Pérez 0-0: Ball
1-0: Ball
2-0: Ball
3-0: Called Strike
3-1: TRIPLE (Flyball, 8RXD)
Batting: RHB Gil Moore 0-0: Ball
1-0: Ball
2-0: Foul Ball, location: 2F
2-1: Swinging Strike
2-2: Strikes out swinging
Batting: RHB Oscar Lewis 0-0: Ball
1-0: Swinging Strike
1-1: Ball
2-1: Ball
3-1: Foul Ball, location: 2F
3-2: Strikes out swinging
Top of the 1st over - 0 run(s), 1 hit(s), 0 error(s), 1 left on base; Jersey City 0 - Bangor Trident Base 0
BOTTOM OF THE 1ST
Bangor Trident Base Ogres batting - Pitching for Jersey City Sun Caps : RHP Joseph Reed
Pitching: RHP Joseph Reed
Batting: RHB Monty Sharp 0-0: Ball
1-0: Foul Ball, location: 2F
1-1: Ball
2-1: Ball
3-1: Ground out 5-3 (Groundball, 56S)
Batting: SHB Troy Grant 0-0: Called Strike
0-1: Ball
1-1: Ball
2-1: Ball
3-1: Called Strike
3-2: Strikes out swinging
Batting: RHB Scott Forrest 0-0: Ball
1-0: Ball
2-0: Foul Ball, location: 2F
2-1: SINGLE (Flyball, 9LS)
Batting: RHB Jeremy Christensen 0-0: Ball
1-0: Called Strike
1-1: Ball
2-1: Fly out, F8 (Flyball, 8RS)
Bottom of the 1st over - 0 run(s), 1 hit(s), 0 error(s), 1 left on base; Jersey City 0 - Bangor Trident Base 0
TOP OF THE 2ND
Jersey City Sun Caps batting - Pitching for Bangor Trident Base Ogres : LHP Lorenzo Sánchez
Batting: LHB Harlan Price 0-0: Called Strike
0-1: Ball
1-1: SINGLE (Groundball, 34D)
Batting: RHB Carlos Vázquez 0-0: Called Strike
0-1: Ball
1-1: Foul Ball, location: 2F
1-2: Foul Ball, location: 2F
1-2: 2-RUN HOME RUN (Line Drive, 78XD), Distance : 446 ft
Batting: RHB Christian O'Dell 0-0: Ball
1-0: Foul Ball, location: 2F
1-1: Ball
2-1: Swinging Strike
2-2: Strikes out looking
Batting: RHB Cliff May 0-0: SOLO HOME RUN (Flyball, 7D), Distance : 425 ft
Batting: RHB Ken Miller 0-0: Ball
1-0: Ball
2-0: Ball
3-0: Base on Balls
Batting: LHB Munemori Ohara 0-0: Ball
1-0: Called Strike
1-1: Ball
2-1: Swinging Strike
2-2: Foul Ball, location: 2F
2-2: Ball
3-2: Ground out U3 (Groundball, 3S)
Ken Miller to second
Batting: LHB Jesús Pérez 0-0: Called Strike
0-1: Swinging Strike
0-2: Ball
1-2: Strikes out swinging
Top of the 2nd over - 3 run(s), 3 hit(s), 0 error(s), 1 left on base; Jersey City 3 - Bangor Trident Base 0
BOTTOM OF THE 2ND
Bangor Trident Base Ogres batting - Pitching for Jersey City Sun Caps : RHP Joseph Reed
Batting: LHB Alex Ford 0-0: Ground out 4-3 (Groundball, 34)
Batting: RHB Jon Erickson 0-0: Ball
1-0: Called Strike
1-1: Called Strike
1-2: Fly out, F5 (Popup, 5S)
Batting: RHB Tyrone Graham 0-0: Ball
1-0: Swinging Strike
1-1: Ball
2-1: Fly out, F9 (Flyball, 9M)
Bottom of the 2nd over - 0 run(s), 0 hit(s), 0 error(s), 0 left on base; Jersey City 3 - Bangor Trident Base 0
TOP OF THE 3RD
Jersey City Sun Caps batting - Pitching for Bangor Trident Base Ogres : LHP Lorenzo Sánchez
Batting: RHB Gil Moore 0-0: SINGLE (Popup, 8RS)
Batting: RHB Oscar Lewis 0-0: Ball
1-0: Ball
2-0: Called Strike
2-1: Called Strike
2-2: SINGLE (Groundball, 6MD)
Gil Moore to second
Batting: LHB Harlan Price 0-0: Called Strike
0-1: Ball
1-1: Foul Ball, location: 2F
1-2: Strikes out swinging
Batting: RHB Carlos Vázquez 0-0: Ball
1-0: Ball
2-0: Called Strike
2-1: Ball
3-1: Called Strike
3-2: Base on Balls
Gil Moore to third
Oscar Lewis to second
Batting: RHB Christian O'Dell 0-0: Called Strike
0-1: Grounds into double play, U6-3 (Groundball, 6M)
Top of the 3rd over - 0 run(s), 2 hit(s), 0 error(s), 2 left on base; Jersey City 3 - Bangor Trident Base 0
BOTTOM OF THE 3RD
Bangor Trident Base Ogres batting - Pitching for Jersey City Sun Caps : RHP Joseph Reed
Batting: LHB Kent Roberts 0-0: Foul Ball, location: 2F
0-1: Foul Ball, location: 2F
0-2: Foul Ball, location: 2F
0-2: Ball
1-2: Ball
2-2: Ball
3-2: Base on Balls
Batting: RHB Stan Pierce 0-0: Ball
1-0: Fly out, F7 (Line Drive, 78M)
Batting: RHB Monty Sharp 0-0: Ball
1-0: Ball
Pickoff Throw to First - Out!
2-0: Foul Ball, location: 2F
2-1: Ball
3-1: SINGLE (Groundball, 56D)
Batting: SHB Troy Grant 0-0: Ball
1-0: Called Strike
1-1: Ground out 1-3 (Groundball, 13S)
Bottom of the 3rd over - 0 run(s), 1 hit(s), 0 error(s), 1 left on base; Jersey City 3 - Bangor Trident Base 0
TOP OF THE 4TH
Jersey City Sun Caps batting - Pitching for Bangor Trident Base Ogres : LHP Lorenzo Sánchez
Batting: RHB Cliff May 0-0: Ball
1-0: Foul Ball, location: 2F
1-1: Ball
2-1: Called Strike
2-2: Strikes out swinging
Batting: RHB Ken Miller 0-0: Foul Ball, location: 2F
0-1: Ball
1-1: Ground out 4-3 (Groundball, 34)
Batting: LHB Munemori Ohara 0-0: Ball
1-0: Foul Ball, location: 2F
1-1: Ground out 4-3 (Groundball, 4)
Top of the 4th over - 0 run(s), 0 hit(s), 0 error(s), 0 left on base; Jersey City 3 - Bangor Trident Base 0
BOTTOM OF THE 4TH
Bangor Trident Base Ogres batting - Pitching for Jersey City Sun Caps : RHP Joseph Reed
Batting: RHB Scott Forrest 0-0: Ball
1-0: Called Strike
1-1: Ball
2-1: Swinging Strike
2-2: Foul Ball, location: 2F
2-2: Ball
3-2: Base on Balls
Batting: RHB Jeremy Christensen 0-0: Ball
1-0: Fly out, F7 (Flyball, 78XD)
Batting: LHB Alex Ford 0-0: Ball
1-0: SINGLE (Line Drive, 4M)
Scott Forrest to second
Batting: RHB Jon Erickson 0-0: SINGLE (Groundball, 6MD)
Scott Forrest to third
Alex Ford to second
Runner from 3rd tries for Home, throw and OUT!
Alex Ford to third
Jon Erickson to second
Batting: RHB Tyrone Graham 0-0: Ball
1-0: Foul Ball, location: 2F
1-1: SINGLE (Line Drive, 89S)
Alex Ford scores
Jon Erickson to third
Batting: LHB Kent Roberts 0-0: Foul Ball, location: 2F
0-1: Called Strike
0-2: Ball
1-2: Foul Ball, location: 2F
1-2: Ground out 4-3 (Groundball, 34)
Bottom of the 4th over - 1 run(s), 3 hit(s), 0 error(s), 2 left on base; Jersey City 3 - Bangor Trident Base 1
TOP OF THE 5TH
Jersey City Sun Caps batting - Pitching for Bangor Trident Base Ogres : LHP Lorenzo Sánchez
Batting: LHB Jesús Pérez 0-0: Ball
1-0: Called Strike
1-1: Called Strike
1-2: Ball
2-2: Strikes out swinging
Pitching: RHP Shannon Lambright
Batting: RHB Gil Moore 0-0: Ball
1-0: Ball
2-0: Ball
3-0: Base on Balls
Batting: RHB Oscar Lewis 0-0: Ball
1-0: Foul Ball, location: 2F
1-1: Ball
2-1: Foul Ball, location: 2F
2-2: 2-RUN HOME RUN (Flyball, 78XD), Distance : 447 ft
Batting: LHB Harlan Price 0-0: Called Strike
0-1: Ball
1-1: Swinging Strike
1-2: SOLO HOME RUN (Flyball, 9D), Distance : 375 ft
Batting: RHB Carlos Vázquez 0-0: Foul Ball, location: 2F
0-1: Called Strike
0-2: Strikes out looking
Batting: RHB Christian O'Dell 0-0: Ball
1-0: Ball
2-0: Ball
3-0: Base on Balls
Batting: RHB Cliff May 0-0: Called Strike
0-1: Ball
1-1: DOUBLE (Line Drive, 8RM)
Christian O'Dell to third
Batting: RHB Ken Miller 0-0: Ball
Wild Pitch!
Christian O'Dell scores
Cliff May to third
1-0: Ball
2-0: Called Strike
2-1: Fly out, F8 (Flyball, 8LM)
Top of the 5th over - 4 run(s), 3 hit(s), 0 error(s), 1 left on base; Jersey City 7 - Bangor Trident Base 1
BOTTOM OF THE 5TH
Bangor Trident Base Ogres batting - Pitching for Jersey City Sun Caps : RHP Joseph Reed
Batting: RHB Stan Pierce 0-0: Ball
1-0: Ball
2-0: Ball
3-0: Called Strike
3-1: Base on Balls
Batting: RHB Monty Sharp 0-0: Ball
1-0: Foul Ball, location: 2F
1-1: Ball
2-1: Ball
3-1: Base on Balls
Stan Pierce to second
Batting: SHB Troy Grant 0-0: Ball
1-0: Called Strike
1-1: Fielders Choice at 2nd, 5-4 (Groundball, 5)
Stan Pierce to third
Now at 2B: Billy Wilson
Batting: RHB Scott Forrest 0-0: SINGLE (Line Drive, 56D)
Stan Pierce scores
Troy Grant to second
Batting: RHB Jeremy Christensen 0-0: Foul Ball, location: 2F
0-1: Foul Ball, location: 2F
0-2: 3-RUN HOME RUN (Flyball, 78XD), Distance : 446 ft
Pitching: RHP Jim Unknown
Batting: LHB Alex Ford 0-0: Called Strike
0-1: Ball
1-1: SINGLE (Line Drive, 34D)
Batting: RHB Jon Erickson 0-0: Swinging Strike
0-1: Fly out, F8 (Flyball, 8RM)
Batting: RHB Tyrone Graham 0-0: Fly out, F7 (Flyball, 7D)
Bottom of the 5th over - 4 run(s), 3 hit(s), 0 error(s), 1 left on base; Jersey City 7 - Bangor Trident Base 5
TOP OF THE 6TH
Jersey City Sun Caps batting - Pitching for Bangor Trident Base Ogres : RHP Shannon Lambright
Pitching: RHP Benjamin Baars
Batting: LHB Munemori Ohara 0-0: Ball
1-0: Called Strike
1-1: SINGLE (Line Drive, 78S)
Batting: LHB Jesús Pérez 0-0: Foul Ball, location: 2F
0-1: Foul Ball, location: 2F
0-2: Foul Ball, location: 2F
0-2: Ball
1-2: Grounds into double play, U4-3 (Groundball, 4M)
Batting: RHB Gil Moore 0-0: Ball
1-0: Called Strike
1-1: Ground out 5-3 (Groundball, 56)
Top of the 6th over - 0 run(s), 1 hit(s), 0 error(s), 0 left on base; Jersey City 7 - Bangor Trident Base 5
BOTTOM OF THE 6TH
Bangor Trident Base Ogres batting - Pitching for Jersey City Sun Caps : RHP Jim Unknown
Batting: LHB Kent Roberts 0-0: Ball
1-0: Foul Ball, location: 2F
1-1: Ball
2-1: Ball
3-1: SINGLE (Groundball, 4MD)
Batting: RHB Stan Pierce 0-0: Called Strike
0-1: Swinging Strike
0-2: Ball
1-2: Foul Ball, location: 2F
1-2: Strikes out looking
Batting: RHB Monty Sharp 0-0: Called Strike
0-1: Foul Ball, location: 2F
0-2: Ball
1-2: Ball
2-2: Strikes out swinging
Batting: SHB Troy Grant 0-0: Ball
1-0: Swinging Strike
1-1: Swinging Strike
1-2: Strikes out swinging
Bottom of the 6th over - 0 run(s), 1 hit(s), 0 error(s), 1 left on base; Jersey City 7 - Bangor Trident Base 5
TOP OF THE 7TH
Jersey City Sun Caps batting - Pitching for Bangor Trident Base Ogres : RHP Benjamin Baars
Batting: RHB Oscar Lewis 0-0: Ball
1-0: Foul Ball, location: 2F
1-1: Ground out 6-3 (Groundball, 6)
Batting: LHB Harlan Price 0-0: Ball
1-0: Called Strike
1-1: Foul Ball, location: 2F
1-2: Foul Ball, location: 2F
1-2: SINGLE (Groundball, 34D)
Batting: RHB Carlos Vázquez 0-0: Fly out, F4 (Line Drive, 4)
Batting: RHB Christian O'Dell 0-0: Ball
1-0: Ball
2-0: Foul Ball, location: 2F
2-1: Called Strike
2-2: Ground out 6-3 (Groundball, 6)
Top of the 7th over - 0 run(s), 1 hit(s), 0 error(s), 1 left on base; Jersey City 7 - Bangor Trident Base 5
BOTTOM OF THE 7TH
Bangor Trident Base Ogres batting - Pitching for Jersey City Sun Caps : RHP Jim Unknown
Batting: RHB Scott Forrest 0-0: Called Strike
0-1: Foul Ball, location: 2F
0-2: Foul Ball, location: 2F
0-2: Strikes out looking
Pitching: RHP Jim Unknown
Batting: RHB Jeremy Christensen 0-0: Ball
1-0: SOLO HOME RUN (Line Drive, 78XD), Distance : 449 ft
Batting: LHB Alex Ford 0-0: Called Strike
0-1: Fly out, F2 (Popup, 2LF)
Batting: RHB Jon Erickson 0-0: Foul Ball, location: 2F
0-1: Ball
1-1: Ball
2-1: Foul Ball, location: 2F
2-2: Strikes out swinging
Bottom of the 7th over - 1 run(s), 1 hit(s), 0 error(s), 0 left on base; Jersey City 7 - Bangor Trident Base 6
TOP OF THE 8TH
Jersey City Sun Caps batting - Pitching for Bangor Trident Base Ogres : RHP Benjamin Baars
Pitching: RHP Millard Kessler
Batting: RHB Cliff May 0-0: Ball
1-0: Swinging Strike
1-1: Ground out 6-3 (Groundball, 6)
Batting: RHB Billy Wilson 0-0: Called Strike
0-1: Ball
1-1: Ball
2-1: Fly out, F3 (Popup, 3SF)
Batting: LHB Munemori Ohara 0-0: Ball
1-0: Ball
2-0: Foul Ball, location: 2F
2-1: SINGLE (Groundball, 34)
Batting: LHB Jesús Pérez 0-0: Called Strike
0-1: Ball
1-1: Foul Ball, location: 2F
1-2: Fly out, F7 (Flyball, 7M)
Top of the 8th over - 0 run(s), 1 hit(s), 0 error(s), 1 left on base; Jersey City 7 - Bangor Trident Base 6
BOTTOM OF THE 8TH
Bangor Trident Base Ogres batting - Pitching for Jersey City Sun Caps : RHP Jim Unknown
Pitching: RHP Jim Unknown
Batting: RHB Tyrone Graham 0-0: Ball
1-0: Ball
2-0: Foul Ball, location: 2F
2-1: Swinging Strike
2-2: Ball
3-2: Base on Balls
Pitching: LHP Jim Unknown
Batting: LHB Kent Roberts 0-0: Ball
1-0: Ball
2-0: Sac Bunt - play at first, batter OUT! U3
Tyrone Graham to second
Pitching: RHP Jim Unknown
Pinch Hitting: LHB Gerald Holloway 0-0: Called Strike
0-1: Ball
1-1: Ball
2-1: Foul Ball, location: 2F
2-2: Fly out, F8 (Flyball, 8LS)
Batting: RHB Monty Sharp 0-0: Ball
1-0: Ball
2-0: SINGLE (Popup, 6)
Tyrone Graham to third
Runner from 3rd tries for Home, SAFE, no throw or cutoff
Batting: SHB Troy Grant 0-0: Called Strike
0-1: Ball
1-1: Ball
2-1: Fielders Choice at 2nd, U6 (Groundball, 6M)
Bottom of the 8th over - 1 run(s), 1 hit(s), 0 error(s), 1 left on base; Jersey City 7 - Bangor Trident Base 7
TOP OF THE 9TH
Jersey City Sun Caps batting - Pitching for Bangor Trident Base Ogres : RHP Millard Kessler
Now in LF: Gerald Holloway
Batting: RHB Gil Moore 0-0: Fly out, F9 (Flyball, 89M)
Pinch Hitting: LHB Jim Unknown 0-0: Ball
1-0: Fly out, F6 (Popup, 4MD)
Batting: LHB Harlan Price 0-0: Foul Ball, location: 2F
0-1: Ball
1-1: Foul Ball, location: 2F
1-2: Ball
2-2: Ball
3-2: Fly out, F8 (Flyball, 8RM)
Top of the 9th over - 0 run(s), 0 hit(s), 0 error(s), 0 left on base; Jersey City 7 - Bangor Trident Base 7
BOTTOM OF THE 9TH
Bangor Trident Base Ogres batting - Pitching for Jersey City Sun Caps : RHP Jim Unknown
Pitching: RHP Jim Unknown
Now at 1B: Jim Unknown
Batting: RHB Scott Forrest 0-0: Fly out, F4 (Popup, 34D)
Batting: RHB Jeremy Christensen 0-0: Ball
1-0: Ball
2-0: Ball
3-0: Called Strike
3-1: Swinging Strike
3-2: Foul Ball, location: 2F
3-2: Base on Balls
Batting: LHB Alex Ford 0-0: Called Strike
0-1: Ball
1-1: Ball
2-1: Ball
3-1: Swinging Strike
3-2: Base on Balls
Jeremy Christensen to second
Batting: RHB Jon Erickson 0-0: Called Strike
0-1: Foul Ball, location: 2F
0-2: Ball
1-2: Ground out 5-3 (Groundball, 5S)
Jeremy Christensen to third
Alex Ford to second
Batting: RHB Tyrone Graham 0-0: Ball
1-0: SINGLE (Line Drive, 56D)
Jeremy Christensen scores
This league is powered by Out of the Park Baseball, the baseball management simulation game for PC, Mac and Linux
Saturday, July 25th, 2015 - OOTP Baseball 15.6 Build 34